 Dungeon Crawl Stone Soup version 0.32-a0-290-g598725c5f2 (webtiles) character file.

Game seed: 2787289116820372048

26 jasper the Firebug (level 2, -1/20 HPs)
             Began as a Mountain Dwarf Fire Elementalist on Feb 13, 2024.
             Slain by an endoplasm (2 damage)
             ... on level 2 of the Dungeon.
             The game lasted 00:01:17 (896 turns).

jasper the Firebug (MDFE)                            Turns: 896, Time: 00:01:17

Health: -1/20      AC:  4    Str: 10    XL:     2   Next: 89%
Magic:  0/4        EV: 16    Int: 15    God:
Gold:   33         SH:  0    Dex: 10    Spells: 1/4 levels left

rFire   . . .        d - +2 short sword (drain)
rCold   . . .        (no shield)
rNeg    . . .        a - +0 robe
rPois   .            (no helmet)
rElec   .            (no cloak)
rCorr   .            (no gloves)
SInv    .            (no boots)
Will    +....        (no amulet)
Stlth   ++           g - +5 ring of evasion
HPRegen 0.23/turn    (no ring)
MPRegen 0.09/turn

%: no passive effects
@: about to teleport, enlightened, flying
A: runic magic, artefact enchanting, iridescent scales 1, evolution 1,
MP-powered wands
a: no special abilities


You were on level 2 of the Dungeon.
You visited 1 branch of the dungeon, and saw 2 of its levels.

You collected 33 gold pieces.

Inventory:

Hand Weapons
 d - a +2 short sword of draining (weapon)
Armour
 a - a +0 robe (worn)
Jewellery
 g - a +5 ring of evasion (left hand)
 j - a +6 ring of dexterity


   Skills:
 - Level 1.3 Dodging
 - Level 1.4 Stealth
 - Level 1.7 Spellcasting
 - Level 0.8 Conjurations
 + Level 5.0 Fire Magic


You had one spell level left.
You knew the following spells:

 Your Spells              Type           Power      Damage    Failure   Level
a - Foxfire               Conj/Fire      40%        2x1d6     7%          1
b - Scorch                Fire           32%        2d6       4%          2

Your spell library contained the following spells:

 Spells                   Type           Power      Damage    Failure   Level
 Inner Flame              Hex/Fire       8%         N/A       24%         3
 Volatile Blastmotes      Fire/Tloc      16%        2d11      24%         3
 Flame Wave               Conj/Fire      10%        2d6       56%         4


Dungeon Overview and Level Annotations

Branches:
Dungeon (2/15)

Altars:

Annotations:
D:2 Robin


Innate Abilities, Weirdness & Mutations

Your spellcasting is much less encumbered by armour.
You can use scrolls of enchantment on lesser artefacts.
You are partially covered in iridescent scales. (AC +2)
You have hidden genetic potential.
You expend magic power (3 MP) to strengthen your wands.


Message History

You hear an angry hiss.
The adder barely misses you. The endoplasm freezes you.
You are frozen.
The adder closely misses you.
You take 4 damage, and have 9/20 hp.
You now have 0/4 mp.
Casting: Scorch (safe; 4% risk of failure)
Confirm with . or Enter, or press ? or * to list all spells.
You don't have enough magic to cast this spell.
You don't have enough magic to cast this spell.
You don't have enough magic to cast this spell.
You hit the adder.
The adder is severely wounded.
The endoplasm freezes you.
You are frozen.
The adder bites you but does no damage.
You take 2 damage, and have 7/20 hp.
You closely miss the adder.
The adder is severely wounded.
The endoplasm hits you.
* * * LOW HITPOINT WARNING * * *
The adder bites you.
* * * LOW HITPOINT WARNING * * *
You take 3 damage, and have 4/20 hp.
You aren't carrying any potions.
Unknown command.
As you read the scroll of teleportation, it crumbles to dust.
You feel strangely unstable.
The adder is no longer more vulnerable to fire.
The adder completely misses you. The endoplasm freezes you.
You are frozen.
* * * LOW HITPOINT WARNING * * *
The adder closely misses you.
You take 3 damage, and have 1/20 hp.
You aren't carrying any potions.
Unknown command.
You hit the adder.
The adder is almost dead.
The adder is no longer more vulnerable to fire.
The endoplasm hits you.
You die...

.....gg.g.#. ..# ....
####..ggg.S....#.#.#.#.
#..Sg..##.#.........
#......# ..#.......
######## #......>..
#.#....... ##.........
##SS#.......
#@JS........
#####.#.#.#. ###... .##
#


You could see 3 adders and an endoplasm.

Vanquished Creatures
  An endoplasm (D:1)
  2 giant cockroaches (D:1)
  A hobgoblin (D:1)
  A quokka (D:1)
  3 ball pythons (D:1)
  2 bats
  2 frilled lizards (D:1)
  A goblin (D:2)
  2 kobolds (D:1)
  A rat (D:1)
16 creatures vanquished.

Vanquished Creatures (others)
  25 foxfires (D:1)
25 creatures vanquished.

Grand Total: 41 creatures vanquished

Notes
Turn   | Place    | Note
-------+----------+-------------------------------------------
     0 | D:1      | jasper the Mountain Dwarf Fire Elementalist began the quest
                  | for the Orb.
     0 | D:1      | Reached XP level 1. HP: 14/14 MP: 3/3
   110 | D:1      | Reached skill level 4 in Fire Magic
   288 | D:1      | Reached XP level 2. HP: 15/20 MP: 4/4
   297 | D:1      | Learned a level 2 spell: Scorch
   874 | D:2      | Noticed Robin
   878 | D:2      | Reached skill level 5 in Fire Magic
   887 | D:2      | Gained mutation: You are partially covered in iridescent
                  | scales. (AC +2) [potion of mutation]
   887 | D:2      | Gained mutation: You expend magic power (3 MP) to
                  | strengthen your wands. [potion of mutation]
   887 | D:2      | Gained mutation: You have hidden genetic potential. [potion
                  | of mutation]
   895 | D:2      | HP: 1/20 [frozen (3)]
   896 | D:2      | Slain by an endoplasm

Illustrated notes

Levels and vault maps discovered:
D:1:      lightli_arrival_statue_moat, layout_loops_ring,
          hangedman_decor_opposing, st_stairs_2,
          nicolae_concentric_dashed_squares_wild
D:2:      layout_rooms, nicolae_eternal_life, kennysheep_crisscross,
          st_stairs_4, uniq_terence, uniq_jessica, uniq_robin, uniq_sigmund

Skill      XL: |  1  2 |
---------------+-------+-----
Fire Magic     | 4 5 |  5.0
Dodging        | |  1.3
Stealth        | |  1.4
Spellcasting   | |  1.7
Conjurations   | |  0.8

Action                     || total
---------------------------++-------
  Melee: Short sword       ||    14
         Unarmed           ||     7
   Cast: Foxfire           ||    26
         Scorch            ||     3
    Use: Scroll            ||     4
         Potion            ||     4
 Armour: Robe              ||    26
  Dodge: Dodged            ||    36

Table legend: (Time is in decaauts)
 A = Elapsed time spent in this place.
 B = Non-inter-level travel time spent in this place.
 C = Inter-level travel time spent in this place.
 D = Time resting spent in this place.
 E = Time spent auto-exploring this place.
 F = Levels seen in this place.
 G = Mean time per level.
                   A        B        C        D        E       F      G
               +--------+--------+--------+--------+--------+-----+--------+
         Total |    894 |    878 |     16 |     24 |    726 |   2 |  447.0 |
       Dungeon |    894 |    878 |     16 |     24 |    726 |   2 |  447.0 |
               +--------+--------+--------+--------+--------+-----+--------+

Top non-repeatable levels by time:
     D:1: 873 daAuts
     D:2: 21 daAuts
